 Dungeon Crawl Stone Soup version 0.32-a0-999-gfa1cc04b1d (webtiles) character file.

Game seed: 1766134993277744078

140515 DEFE the Evocator (level 17, -1/156 (163) HPs)
             Began as a Coglin Fighter on Apr 25, 2024.
             Was the Champion of Trog.
             Succumbed to a naga ritualist's toxic radiance
             ... on level 3 of the Snake Pit.
             The game lasted 00:33:31 (27707 turns).

DEFE the Evocator (Coglin Fighter)                 Turns: 27707, Time: 00:33:31

HP:   -1/156 (163)  AC: 38    Str: 20    XL:     17   Next: 31%
MP:   17/17         EV: -2    Int: 11    God:    Trog [******]
Gold: 2740          SH:  0    Dex: 15    Spells: 16/16 levels left

rFire   + . .        b - +9 broad axe (protect) {Nodoka}
rCold   + . .        U - +1 broad axe (flame) {Hideko}
rNeg    . . .        y - +8 chain mail of Intercession {Regen+ SInv}
rPois   +            s - +2 helmet
rElec   +            r - +0 cloak "Quitek" {rPois Regen+ Str-3 Stlth-}
rCorr   .            q - +0 pair of gloves of the Kitsune {rF+}
SInv    +            c - +2 pair of boots "Jeovorut" {rC+ Int+3}
Will    ++++.        (amulet unavailable) Stlth
                     (ring unavailable)
HPRegen 3.06/turn    (ring unavailable)
MPRegen 0.15/turn    Z - gigasubsystem Ver.08 {Rampage Acrobat rElec Will+}

%: acrobat, rampage
@: berserking, lethally poisoned (-1 -> -4), strong-willed, under a protective
aura, regenerating, constricted, lightly drained, revved, very quick
A: off-hand wielding, slow wielding, warmup strikes, no jewellery
a: Renounce Religion, Berserk, Trog's Hand, Brothers in Arms


You were on level 3 of the Snake Pit.
You worshipped Trog.
Trog was exalted by your worship.
You visited 4 branches of the dungeon, and saw 25 of its levels.
You also visited: Sewer and Gauntlet.

You collected 2974 gold pieces.
You spent 234 gold pieces at shops.

Inventory:

Hand Weapons
 a - the +16 obsidian axe {drain, demonic, Mesm ^Drain Fly SInv}
   (Trog gifted it to you on level 4 of the Lair of Beasts)

   Mesm:      Its wielder is mesmerised by any visible foes, and it cannot be
   unequipped while any foes are visible.
   SInv:      It lets you see invisible.
   Fly:       It grants you flight.
   ^Drain:    It drains your maximum health when unequipped.
 b - a +9 broad axe of protection (weapon) {Nodoka}
 I - a +1 hand axe of freezing
 U - a +1 broad axe of flaming (offhand) {Hideko}
 V - a +5 heavy war axe {Friedl}
Missiles
 x - 5 throwing nets (quivered)
Armour
 c - the +2 pair of boots "Jeovorut" (worn) {rC+ Int+3}
   (You found it in a Gauntlet)

   Int+3:     It affects your intelligence (+3).
   rC+:       It protects you from cold.
 q - the +0 pair of gloves of the Kitsune (worn) {rF+}
   (You found it on level 2 of the Dungeon)

   rF+:       It protects you from fire.
 r - the +0 cloak "Quitek" (worn) {rPois Regen+ Str-3 Stlth-}
   (You found it on level 2 of the Orcish Mines)

   Str-3:     It affects your strength (-3).
   rPois:     It protects you from poison.
   Regen+:    It increases your rate of health regeneration.
   Stlth-:    It makes you less stealthy.
 s - a +2 helmet (worn)
 y - the +8 chain mail of Intercession (worn) {Regen+ SInv}
   (You found it on level 1 of the Lair of Beasts)

   SInv:      It lets you see invisible.
   Regen+:    It increases your rate of health regeneration.
 B - a +1 leather armour of positive energy
 D - a +1 cloak
 G - a +1 pair of boots
 L - a +0 chain mail
 M - a +0 ring mail of poison resistance
 Q - +0 acid dragon scales
 X - a +1 helmet of see invisible
 Y - a +3 plate armour of willpower
Gizmo
 Z - a gigasubsystem Ver.08 (installed) {Rampage Acrobat rElec Will+}
   (You invented it yourself in a Gauntlet)

   [gigasubsystem Ver.08]

   rElec:     It insulates you from electricity.
   Will+:     It increases your willpower.
   Rampage:   It bestows one free step when moving towards enemies.
   Acrobat:   It increases your evasion after moving or waiting.
Wands
 h - a wand of warping (18)
 j - a wand of digging (5)
 C - a wand of flame (46)
 H - a wand of mindburst (12)
 J - a wand of acid (12)
 O - a wand of charming (8)
Scrolls
 f - 15 scrolls of teleportation
 l - 4 scrolls of enchant armour
 o - 4 scrolls of noise
 p - 4 scrolls of silence
 v - 3 scrolls of immolation
 z - a scroll of brand weapon
 E - a scroll of torment
 K - 9 scrolls of blinking
 N - 4 scrolls of fear
 P - 2 scrolls of fog
 W - a scroll of enchant weapon
Potions
 d - 3 potions of might
 e - 2 potions of berserk rage
 g - 5 potions of curing
 i - 5 potions of heal wounds
 k - 2 potions of brilliance
 m - 2 potions of cancellation
 n - 3 potions of magic {unknown}
 t - 2 potions of resistance {unknown}
 u - 3 potions of haste {unknown}
 w - 2 potions of lignification {unknown}
 A - 3 potions of mutation {unknown}
 F - 2 potions of invisibility
 R - 4 potions of attraction
 S - 3 potions of enlightenment
Miscellaneous
 T - a Gell's gravitambourine (2/2)


   Skills:
 - Level 3.0 Fighting
 + Level 20.0 Axes
 + Level 14.1 Armour
 - Level 2.1 Shields
 + Level 22.7 Evocations


You had 16 spell levels left.
You didn't know any spells.
Your spell library was empty.

Dungeon Overview and Level Annotations

Branches:
Dungeon (15/15)            Temple (0/1) D:6            Lair (5/5) D:11
  Swamp (0/4) Lair:3        Snake (3/4) Lair:3        Slime (0/5) Lair:5
    Orc (2/2) D:9             Elf (0/3) Orc:2        Vaults (0/5) D:14
 Depths (0/4) D:15          Sewer (visited)         Gauntlet (visited)

Altars:
Ashenzari
Gozag
Kikubaaqudgha
Trog
Uskayaw
Vehumet
Wu Jian
Beogh
Jiyva

Shops:
D:1 :   Orc:2 *[[(   Snake:1 =   Snake:3 :

Annotations:
D:4 1 runed translucent door, Grimmash's ghost, amateur AtFi


Innate Abilities, Weirdness & Mutations

You can wield a second weapon in your off-hand.
It takes a long time for you to wield or remove held weapons.
Your first few attacks do less damage.
You cannot equip rings or amulets.


Message History

You are more poisoned.
The naga spits poison at you. The splash of poison hits you.
You are more poisoned.
You resist.
* * * LOW HITPOINT WARNING * * *
You slash the naga with your +9 broad axe of protection!
You feel the power of Trog in you as your rage grows.
You kill the naga!
Trog accepts your kill.
You closely miss the naga ritualist with your +9 broad axe of protection.
You closely miss the naga ritualist with your +1 broad axe of flaming.
* * * LOW HITPOINT WARNING * * *
You feel very sick.
Unknown command.
Unknown command.
Unknown command.
Unknown command.
You are too berserk!
You closely miss the naga ritualist with your +9 broad axe of protection.
The naga ritualist is severely wounded.
You slash the mana viper with your +9 broad axe of protection!
You closely miss the naga ritualist with your +1 broad axe of flaming.
You slash the mana viper with your +1 broad axe of flaming!
You burn the mana viper.
* * * LOW HITPOINT WARNING * * *
You feel sick.
* * * LOW HITPOINT WARNING * * *
You are more poisoned.
The naga ritualist hits you but does no damage.
The naga ritualist constricts you.
The mana viper bites you but does no damage.
Unknown command.
You closely miss the mana viper with your +1 broad axe of flaming.
The mana viper is heavily wounded.
You slash the naga ritualist with your +1 broad axe of flaming!
You burn the naga ritualist.
You slash the mana viper with your +9 broad axe of protection!
You slash the naga ritualist with your +9 broad axe of protection!
You die... .##.#.... ....#...
SS. ...##.### #### S.N

.###....########...# ....
........#......>...#...⌠.
.###....##.......###..N..
.#.......#.....###....#
.#.......###.††#)S)..#
##..)....#.###.)@N).#
.#.....)##.....#†)###
.#.......).....##.#.#.
.#.....####...........
.#...### ###....###..
.#...# #####.....# ##.###
#### # #.. ..


You could see 2 naga ritualists and a mana viper.

Vanquished Creatures
  Nikola (Snake:1)
  Rupert (Snake:1)
  An azure jelly (Lair:5)
  A reaper (Gauntlet)
  2 quicksilver oozes (Lair:5)
  Nessos (D:13)
  A minotaur (Gauntlet)
  A dire elephant (Gauntlet)
  An eleionoma (Lair:3)
  The ghost of Gruesome the Grappler, a journeyman TrSh of the Shining One (Orc:2)
  A vault guard (D:14)
  6 hydras
  Harold (D:10)
  6 centaur warriors
  An alligator (Lair:5)
  A death knight (D:13)
  A catoblepas (Lair:2)
  3 anacondas
  6 two-headed ogres
  4 boulder beetles
  A hell hog (Lair:5)
  A tengu warrior (D:15)
  3 orc high priests
  5 naga warriors
  2 shock serpents (Snake:2)
  3 naga sharpshooters
  An occultist (D:11)
  A storm dragon zombie (D:15)
  2 fire crabs (shapeshifter)
  5 skeletal warriors (D:12)
  3 naga ritualists
  6 mana vipers
  Pikel (D:6)
  A necromancer (D:15)
  2 obsidian bats
  A deep elf pyromancer (D:14)
  2 orc knights
  7 orc sorcerers
  A wolf spider (Lair:4)
  3 salamanders (Snake:2)
  3 manticores
  14 ugly things
  4 cyclopes
  19 elephants
  2 moths of wrath (Orc:2)
  2 guardian serpents (Snake:2)
  3 kobold blastminers
  6 naga magi
  14 black mambas
  10 cane toads
  A torpor snail (Lair:5)
  2 kobold demonologists (D:10)
  2 unseen horrors (D:13)
  9 komodo dragons
  6 rime drakes
  7 trolls
  2 tengu conjurers
  15 polar bears
  A hornet (shapeshifter) (D:14)
  2 hornets
  A raiju (shapeshifter) (D:11)
  12 dream sheep
  A hellwing (Gauntlet)
  A tarantella (shapeshifter) (D:13)
  22 blink frogs
  2 raiju (Lair:5)
  A spriggan zombie (D:15)
  Grinder (D:5)
  21 slime creatures
  A vampire (D:9)
  2 shadows
  Sigmund (D:3)
  A wraith (D:13)
  41 yaks
  10 wyverns
  10 wargs
  Eustachio (D:6)
  A redback simulacrum (D:15)
  11 basilisks
  3 steam dragons
  5 vampire mosquitoes (D:12)
  Edmund (D:5)
  Menkaure (D:6)
  15 nagas
  Duvessa (D:7)
  3 acid dragons
  15 hell hounds
  19 water moccasins
  A swamp drake (D:11)
  2 ice beasts
  22 orc warriors
  2 sky beasts (D:6)
  7 black bears (Lair:5)
  11 ogres
  16 wolves
  2 laughing skulls (D:15)
  9 centaurs
  2 lemures (D:6)
  4 kobold brigands
  17 bullfrogs
  2 scorpions (D:5)
  Dowan (D:7)
  8 wights
  21 killer bees
  3 howler monkeys
  5 electric eels (Lair:3)
  2 hounds
  16 jellies
  5 bombardier beetles
  29 orc priests
  Crazy Yiuf (D:5)
  A gnoll bouda (D:4)
  Ijyb (D:5)
  33 orc wizards
  A sleepcap (D:4)
  4 iguanas
  A hell rat (D:15)
  2 boggart simulacra
  11 gnolls
  15 adders
  4 river rats (Sewer)
  3 dart slugs
  5 ribbon worms
  80 orcs
  2 ball pythons
  14 endoplasms
  6 giant cockroaches
  6 goblins
  9 hobgoblins
  4 jackals
  25 kobolds
  7 quokkas
  3 bats
  A frilled lizard (D:2)
  11 rats
857 creatures vanquished.

Vanquished Creatures (collateral kills)
  5 slime creatures
  A hydra (D:15)
  A naga warrior (Snake:2)
  2 skeletal warriors (D:15)
  Lodul (D:14)
  A flayed ghost (D:15)
  3 ugly things (D:14)
  A rime drake (D:15)
  A troll (D:14)
  A polar bear (Lair:5)
  A spriggan zombie (D:15)
  A dream sheep (Lair:5)
  A wyvern (D:15)
  3 yaks (Lair:5)
  3 wargs (Lair:5)
  2 hell hounds (Lair:5)
  4 orc warriors
  3 black bears (Lair:5)
  4 ogres
  3 wolves (Lair:5)
  A jelly (Lair:5)
  5 orc priests
  3 orc wizards (Orc:2)
  A hell rat (D:15)
  5 orcs
  An endoplasm (Lair:5)
58 creatures vanquished.

Vanquished Creatures (others)
  A black bear (Lair:5)
  An orc wizard (Orc:2)
2 creatures vanquished.

Grand Total: 917 creatures vanquished

Notes
Turn   | Place    | Note
-------+----------+-------------------------------------------
     0 | D:1      | DEFE the Coglin Fighter began the quest for the Orb.
     0 | D:1      | Reached XP level 1. HP: 18/18 MP: 1/1
    84 | D:1      | Reached XP level 2. HP: 15/24 MP: 2/2
   484 | D:1      | Found Yfeitimo's Book Emporium.
   848 | D:2      | Reached XP level 3. HP: 19/29 MP: 3/3
   968 | D:2      | Reached XP level 4. HP: 23/35 MP: 4/4
  1332 | D:2      | Identified the +0 pair of gloves of the Kitsune {rF+}
  2087 | D:3      | Found a bloodstained altar of Trog.
  2096 | D:3      | Became a worshipper of Trog the Wrathful
  2360 | D:3      | Noticed Sigmund
  2369 | D:3      | Killed Sigmund
  2370 | D:3      | Reached XP level 5. HP: 30/41 MP: 5/5
  2370 | D:3      | Reached XP level 6. HP: 34/47 MP: 6/6
  2429 | D:3      | Found a faded altar of an unknown god.
  2760 | D:4      | Reached * piety under Trog
  2878 | D:4      | Reached XP level 7. HP: 52/52 MP: 7/7
  2955 | D:4      | Found a runed translucent door.
  2955 | D:4      | Noticed Grimmash's ghost (amateur AtFi)
  3516 | D:5      | Entered Level 5 of the Dungeon
  3542 | D:5      | Noticed Edmund
  3549 | D:5      | Killed Edmund
  3550 | D:5      | Reached XP level 8. HP: 58/58 MP: 8/8
  3705 | D:5      | Reached skill level 1 in Evocations
  3724 | D:5      | Reached skill level 2 in Evocations
  3829 | D:5      | Noticed Ijyb
  3842 | D:5      | Killed Ijyb
  3976 | D:5      | Reached ** piety under Trog
  4046 | D:5      | Noticed Grinder
  4051 | D:5      | Killed Grinder
  4052 | D:5      | Reached skill level 4 in Evocations
  4256 | D:5      | Found a runed translucent door.
  4257 | D:5      | Noticed Crazy Yiuf
  4485 | D:5      | Killed Crazy Yiuf
  4776 | D:6      | Reached skill level 10 in Axes
  4834 | D:6      | Found a staircase to the Ecumenical Temple.
  5012 | D:6      | Found a glowing drain.
  5016 | Sewer    | Entered a sewer
  5200 | Sewer    | Reached skill level 5 in Evocations
  5597 | Sewer    | Reached *** piety under Trog
  5725 | D:6      | Noticed Menkaure
  5733 | D:6      | Killed Menkaure
  5734 | D:6      | Reached skill level 6 in Evocations
  5734 | D:6      | Reached XP level 9. HP: 48/63 MP: 9/9
  5827 | D:6      | Noticed Pikel
  5847 | D:6      | Killed Pikel
  5848 | D:6      | Reached skill level 7 in Evocations
  6103 | D:6      | Noticed Eustachio
  6110 | D:6      | Killed Eustachio
  6111 | D:6      | Reached skill level 8 in Evocations
  6966 | D:7      | Reached skill level 9 in Evocations
  6977 | D:7      | Reached XP level 10. HP: 70/70 MP: 10/10
  7053 | D:7      | Noticed a white ugly thing
  7204 | D:7      | Noticed Dowan
  7247 | D:7      | Noticed Duvessa
  7254 | D:6      | Reached skill level 10 in Evocations
  7526 | D:6      | Killed a white ugly thing
  7642 | D:7      | Killed Duvessa
  7659 | D:7      | Killed Dowan
  7799 | D:7      | Noticed a +0 dagger
  7799 | D:7      | Noticed a +0 short sword
  7799 | D:7      | Noticed a +0 spear
  7800 | D:7      | Noticed a +0 dagger
  7800 | D:7      | Noticed a +0 spear
  7800 | D:7      | Noticed a +0 short sword
  7801 | D:7      | Noticed a +0 falchion
  7801 | D:7      | Noticed a +0 falchion
  7803 | D:7      | Found a hide-covered altar of Uskayaw.
  8380 | D:8      | Noticed a two-headed ogre
  8782 | D:8      | Found a radiant altar of Vehumet.
  8969 | D:8      | Killed a two-headed ogre
  8970 | D:8      | Reached skill level 11 in Evocations
  9289 | D:8      | Reached skill level 12 in Evocations
  9300 | D:8      | Reached **** piety under Trog
  9735 | D:9      | Reached XP level 11. HP: 61/75 MP: 11/11
  9928 | D:9      | Identified the +3 leather armour of the Zebrataur {rF+
                  | rN+++ Int-4 Dex+4}
  9996 | D:9      | Reached skill level 13 in Evocations
 10028 | D:9      | Found a staircase to the Orcish Mines.
 10195 | D:9      | Reached ***** piety under Trog
 10845 | D:10     | Entered Level 10 of the Dungeon
 11085 | D:10     | You fall into a shaft and drop 1 floor!
 11238 | D:10     | Noticed Harold
 11238 | D:10     | Noticed a two-headed ogre
 11244 | D:10     | Killed a two-headed ogre
 11247 | D:10     | Killed Harold
 11248 | D:10     | Reached skill level 14 in Evocations
 11624 | D:10     | Noticed a sun demon
 11921 | D:10     | Found an ancient bone altar of Kikubaaqudgha.
 11924 | D:10     | Found an opulent altar of Gozag.
 12235 | D:11     | Reached XP level 12. HP: 77/81 MP: 12/12
 12471 | D:11     | Noticed an occultist
 12477 | D:11     | Killed an occultist
 12478 | D:11     | Reached skill level 5 in Armour
 12670 | D:11     | Noticed a two-headed ogre
 12674 | D:11     | Killed a two-headed ogre
 12675 | D:11     | Reached skill level 15 in Evocations
 12825 | D:11     | Identified the +1 falchion "Pual" {freeze, Dex+2}
 13052 | D:11     | Found a staircase to the Lair.
 13866 | Lair:1   | Entered Level 1 of the Lair of Beasts
 13916 | Lair:1   | Identified the +5 rapier "Degoemm" {flame, ^Contam MP+9
                  | Dex+6 Stlth+}
 13965 | Lair:1   | Reached skill level 15 in Axes
 14313 | Lair:1   | Identified the +8 chain mail of Intercession {Regen+ SInv}
 14989 | Lair:2   | Noticed a catoblepas
 15323 | Lair:2   | Killed a catoblepas
 15324 | Lair:2   | Reached skill level 16 in Evocations
 15393 | Lair:2   | Received a gift from Trog
 15693 | Lair:2   | Reached XP level 13. HP: 68/86 MP: 13/13
 16154 | Lair:3   | Found a staircase to the Swamp.
 16154 | Lair:3   | Noticed an eleionoma
 16161 | Lair:3   | Killed an eleionoma
 16222 | Lair:3   | Found a staircase to the Snake Pit.
 16455 | Lair:3   | Reached skill level 17 in Evocations
 16937 | Lair:3   | Identified a scroll of acquirement
 16938 | Lair:3   | Acquired a +1 broad axe of flaming
 17591 | Lair:4   | Found a gate leading to a gauntlet.
 17602 | Gauntlet | Entered a Gauntlet
 17602 | Gauntlet | Found a transporter.
 17609 | Gauntlet | Noticed a reaper
 17611 | Gauntlet | Found a transporter.
 17627 | Gauntlet | Found a transporter.
 17631 | Gauntlet | Found a transporter.
 17639 | Gauntlet | Noticed a dire elephant
 17641 | Gauntlet | Found a transporter.
 17661 | Gauntlet | Found a transporter.
 17664 | Gauntlet | Found a transporter.
 17668 | Gauntlet | Found a transporter.
 17691 | Gauntlet | Found a transporter.
 17695 | Gauntlet | Noticed a quicksilver ooze
 17708 | Gauntlet | Found a transporter.
 17712 | Gauntlet | Found a transporter.
 17715 | Gauntlet | Noticed a blizzard demon
 17721 | Gauntlet | Found a transporter.
 17789 | Gauntlet | Killed a reaper
 17834 | Gauntlet | Identified the +2 pair of boots "Jeovorut" {rC+ Int+3}
 17870 | Gauntlet | Killed a dire elephant
 18015 | Gauntlet | Noticed a minotaur
 18025 | Gauntlet | Killed a minotaur
 18026 | Gauntlet | Reached XP level 14. HP: 67/93 MP: 14/14
 18057 | Gauntlet | Acquired a gigasubsystem Ver.08 {Rampage Acrobat rElec
                  | Will+}
 18196 | Lair:4   | Reached skill level 18 in Evocations
 18253 | Lair:4   | Received a gift from Trog
 18253 | Lair:4   | Found the +16 obsidian axe {drain, demonic, Mesm ^Drain Fly
                  | SInv}
 18457 | Lair:4   | Identified the +4 ring mail of the Furies {rF+}
 18807 | Lair:4   | You are sucked into a shaft and drop 1 floor!
 18807 | Lair:5   | Entered Level 5 of the Lair of Beasts
 18840 | Lair:5   | Reached skill level 10 in Armour
 18866 | Lair:5   | Noticed a quicksilver ooze
 18873 | Lair:5   | Noticed an azure jelly
 18874 | Lair:5   | Killed a quicksilver ooze
 18878 | Lair:5   | Noticed a quicksilver ooze
 18882 | Lair:5   | Killed an azure jelly
 18887 | Lair:5   | Killed a quicksilver ooze
 19085 | Lair:5   | Reached skill level 19 in Evocations
 19363 | Lair:5   | Reached XP level 15. HP: 88/98 MP: 15/15
 19596 | Lair:5   | Found a staircase to the Slime Pits.
 19596 | Lair:5   | Found a viscous altar of Jiyva.
 19598 | Lair:5   | Received a gift from Trog
 20793 | D:12     | Reached skill level 20 in Evocations
 21558 | D:13     | Noticed Nessos
 21567 | D:13     | Killed Nessos
 22122 | D:13     | Received a gift from Trog
 22618 | D:14     | Found a gate to the Vaults.
 22692 | D:14     | Noticed Lodul
 22697 | D:14     | Killed Lodul
 22991 | D:15     | Entered Level 15 of the Dungeon
 23009 | D:15     | Reached XP level 16. HP: 42/104 MP: 16/16
 23031 | D:15     | Reached skill level 21 in Evocations
 23225 | D:15     | Found a broken altar of Ashenzari.
 23465 | D:15     | Found a staircase to the Depths.
 23476 | D:15     | Received a gift from Trog
 24280 | Orc:1    | Entered Level 1 of the Orcish Mines
 24322 | Orc:2    | Entered Level 2 of the Orcish Mines
 24490 | Orc:2    | Found Noga's Antique Armour Emporium.
 24490 | Orc:2    | Found Erphigur's Weapon Emporium.
 24490 | Orc:2    | Found Tahipodi's Antique Armour Shoppe.
 24499 | Orc:2    | Found Edatwaok's Assorted Antiques.
 24504 | Orc:2    | Reached ****** piety under Trog
 24507 | Orc:2    | Received a gift from Trog
 24563 | Orc:2    | Bought an inky potion for 24 gold pieces
 24618 | Orc:2    | Found a transporter.
 24656 | Orc:2    | Noticed Gruesome's ghost (journeyman TrSh)
 24664 | Orc:2    | Found a transporter.
 24687 | Orc:2    | Found a staircase to the Elven Halls.
 25096 | Orc:1    | Found a roughly hewn altar of Beogh.
 25286 | Orc:2    | Killed Gruesome's ghost
 25330 | Orc:2    | Identified the +0 cloak "Quitek" {rPois Regen+ Str-3
                  | Stlth-}
 25417 | Orc:2    | Bought a glowing helmet for 210 gold pieces
 25999 | Snake:1  | Entered Level 1 of the Snake Pit
 25999 | Snake:1  | Noticed Rupert
 25999 | Snake:1  | Noticed Nikola
 26017 | Snake:1  | Paralysed by Rupert for 2 turns
 26022 | Snake:1  | Killed Rupert
 26045 | Snake:1  | Killed Nikola
 26046 | Snake:1  | Reached skill level 22 in Evocations
 26132 | Snake:1  | Found Icoepnir's Jewellery Emporium.
 26555 | Snake:2  | Found an ornate altar of the Wu Jian Council.
 26558 | Snake:2  | Identified the +4 long sword of Extremism {venom, rPois
                  | Str-2 SInv}
 26797 | Snake:2  | Reached XP level 17. HP: 87/109 MP: 17/17
 26800 | Snake:2  | Identified the +3 long sword "Emnoapui" {antimagic, rF+}
                  | (Trog gifted it to you on level 2 of the Snake Pit)
 26800 | Snake:2  | Received a gift from Trog
 27483 | Snake:3  | Identified the serpent talisman "Paweuwi" {+Blink rElec}
 27572 | Snake:3  | Identified the +4 orcbow "Lyatruos" {freeze, Int+3 SInv
                  | Stlth+}
 27596 | Snake:3  | Found Qipu Ymnu's Tremendous Tomes.
 27704 | Snake:3  | HP: 7/154 [naga ritualist/Olgreb's Toxic Radiance (2)]
 27705 | Snake:3  | HP: 2/154 [poisoned by a naga (splash of poison)]
 27707 | Snake:3  | Succumbed to a naga ritualist's toxic radiance

Illustrated notes

Levels and vault maps discovered:
D:1:      ncdulo_lavacross, layout_basic, serial_shops, shop, minmay_surrounded
D:2:      layout_loops_corners, nicolae_half_adder
D:3:      layout_basic, trog_book, shapermc_ecumenical_altar_gd, uniq_sigmund
D:4:      layout_basic, gammafunk_ghost_grave
D:5:      layout_loops_cross, uniq_edmund, uniq_grinder, uniq_ijyb,
          uniq_crazy_yiuf_cottage
D:6:      layout_gridville, minmay_temple_entry_stoned_glass,
          gup_sewer_entry_spiral, uniq_eustachio, uniq_menkaure, uniq_pikel
D:7:      layout_cave_pools, nicolae_uskayaw_en_pointe, uniq_duvessa
D:8:      layout_loops_cross, vehumet_altar_wand_db, grunt_decor_mini_mirrors
D:9:      layout_roguey [special_room_orc], david_orc_1_choice,
          small_chamber_with_monster, eino_jars
D:10:     layout_roguey, jmf_multi_god_temple2, uniq_harold
D:11:     layout_long_grid, erik_lair_dragon, grunt_ministairs_7,
          minmay_misc_feat_five, minmay_diamond_spiral
D:12:     layout_stronghold
D:13:     layout_small_grid, chequers_mini_garden, uniq_nessos
D:14:     layout_rooms, david_vaults_5, uniq_lodul
D:15:     gammafunk_depths_entry_grave, layout_grid_maze, special_room
          [special_room_mythical_zoo], ashenzari_altar_1, nicolae_wwwww
Lair:1:   layout_chaotic_city, cheibrodos_lair_lostbears
Lair:2:   layout_hall_layers, beast_lair_carwin_10
Lair:3:   layout_roguey, alex1729_swamp_entry_worm_eleionoma, dummy_snake_entry,
          serial_bayou, serial_bayou_lake_a, serial_bayou_pond_e,
          serial_bayou_shore_a, serial_bayou_pond_d, grunt_megastairs_5
Lair:4:   layout_regular_city, gauntlet_entry_generic,
          nicolae_lair_run_with_the_wolves, serial_bayou_shore_b
Lair:5:   hangedman_lair_caniforms_friends, layout_long_grid,
          nicolae_slime_entry_slimehenge, special_room [special_room_jelly],
          minmay_stone_trees_medium, hangedman_lair_generics_rect
Snake:1:  layout_onion, minmay_shop_star, uniq_rupert, uniq_nikola
Snake:2:  layout_cave_pods, basic_altar
Snake:3:  layout_honeycomb, gammafunk_ghost_split,
          nicolae_shop_i_like_big_books, grunt_megastairs_4
Orc:1:    layout_diamond_mine, bh_open_orc_temple
Orc:2:    st_orc_mages, layout_caves, gammafunk_ghost_berserking_beasts,
          nicolae_orc_bridge_out

Skill      XL: |  1  2  3  4  5  6  7  8  9 10 11 12 13 14 15 16 17 |
---------------+----------------------------------------------------+-----
Axes           | 3 4 6 7 9 10 11 13 14 15 16 17 18 19 20 | 20.0
Evocations     | 6 9 12 14 16 17 19 20 22 | 22.7
Armour         | 4 7 9 11 12 13 14 | 14.1
Fighting       | |  3.0
Shields        | |  2.1

Action                     |  1- 3 |  4- 6 |  7- 9 | 10-12 | 13-15 | 16-18 || total
---------------------------+-------+-------+-------+-------+-------+-------++-------
  Melee: War axe           |    84 |    99 |   300 |   662 |   299 |       ||  1444
         Hand axe          |       |    55 |   298 |    57 |       |       ||   410
         Broad axe         |       |       |       |       |   791 |   631 ||  1422
 Invoke: Berserk           |       |     1 |     6 |     5 |     4 |     6 ||    22
         Trog's Hand       |       |       |       |     1 |     3 |     3 ||     7
Ability: Invent Gizmo      |       |       |       |       |     1 |       ||     1
  Evoke: Wand              |       |       |       |     9 |    15 |     6 ||    30
    Use: Scroll            |       |       |    11 |     5 |     7 |     6 ||    29
         Potion            |       |       |       |       |     2 |       ||     2
   Stab: Distracted        |       |       |       |       |     8 |     4 ||    12
         Paralysed         |       |       |       |       |     3 |       ||     3
         Confused          |       |       |       |       |     1 |       ||     1
 Armour: Scale mail        |    67 |    71 |   170 |   153 |       |       ||   461
         Chain mail        |       |       |       |   267 |   511 |   317 ||  1095
  Dodge: Dodged            |    43 |    39 |   107 |   169 |   242 |   120 ||   720
  Block: Buckler           |    20 |     4 |       |       |       |       ||    24

Table legend: (Time is in decaauts)
 A = Elapsed time spent in this place.
 B = Non-inter-level travel time spent in this place.
 C = Inter-level travel time spent in this place.
 D = Time resting spent in this place.
 E = Time spent auto-exploring this place.
 F = Levels seen in this place.
 G = Mean time per level.
                   A        B        C        D        E       F      G
               +--------+--------+--------+--------+--------+-----+--------+
         Total |  27811 |  25930 |   1881 |   6176 |  15669 |  27 | 1030.0 |
       Dungeon |  17516 |  16080 |   1436 |   3865 |  10028 |  15 | 1167.7 |
          Lair |   5934 |   5734 |    200 |   1795 |   2938 |   5 | 1186.8 |
     Snake Pit |   1661 |   1604 |     57 |    187 |   1169 |   3 |  553.7 |
  Orcish Mines |   1345 |   1159 |    186 |    124 |    776 |   2 |  672.5 |
         Sewer |    768 |    768 |      0 |      6 |    553 |   1 |  768.0 |
      Gauntlet |    585 |    585 |      0 |    198 |    204 |   1 |  585.0 |
               +--------+--------+--------+--------+--------+-----+--------+

Top non-repeatable levels by time:
     D:6: 2194 daAuts
    D:11: 2102 daAuts
  Lair:1: 1473 daAuts
  Lair:3: 1372 daAuts
     D:5: 1271 daAuts
     D:9: 1266 daAuts
     D:2: 1261 daAuts
    D:10: 1171 daAuts
    D:15: 1148 daAuts
    D:12: 1130 daAuts
  Lair:5: 1129 daAuts
  Lair:4: 1114 daAuts
    D:13: 1087 daAuts
     D:8: 1047 daAuts
     D:4: 1006 daAuts
